 Dungeon Crawl Stone Soup version 0.28.0 (webtiles) character file.

Game seed: 12699802506434996478

950 unlimited1921 the Skirmisher (level 8, -7/51 HPs)
             Began as a Gargoyle Fighter on Feb 12, 2022.
             Mangled by a tentacled starspawn (14 damage)
             ... on level 5 of the Dungeon.
             The game lasted 00:30:25 (5591 turns).

unlimited1921 the Skirmisher (Gargoyle Fighter)     Turns: 5591, Time: 00:30:25

Health: -7/51      AC: 18    Str: 19    XL:     8   Next: 13%
Magic:  8/8        EV:  7    Int: 13    God:
Gold:   273        SH:  8    Dex: 11    Spells: 7/7 levels left

rFire   + . .      SeeInvis .   c - +6 shillelagh "Devastator" {shatter}
rCold   . . .      Faith    .   G - +0 kite shield {AC+3}
rNeg    + . .      Spirit   .   D - +0 troll leather armour
rPois   ∞          Reflect  .   r - +2 helmet {Int+3}
rElec   +          Harm     .   (no cloak)
rCorr   .          Rampage  .   H - +0 pair of gloves
Will    .....                   (no boots)
Stlth   ..........              (no amulet)
HPRegen 0.97/turn               j - ring of protection from fire
MPRegen 0.11/turn               B - ring of wizardry

@: brilliant, silenced, constricted
A: sickness immunity, AC +5, negative energy resistance 1, electricity
resistance, torment resistance 1, petrification resistance
a: no special abilities


You were on level 5 of the Dungeon.
You visited 1 branch of the dungeon, and saw 5 of its levels.
You visited the Abyss 1 time.

You collected 273 gold pieces.

Inventory:

Hand Weapons
 a - a +0 war axe
 c - the +6 shillelagh "Devastator" (weapon) {shatter}
   (You found it on level 5 of the Dungeon)

   It releases a powerful concussive burst when it strikes, dealing extra damage
   to the target and all other foes adjacent to them.
 d - a +2 short sword of holy wrath
 m - a +0 falchion
 n - a +1 vampiric whip
Missiles
 f - 165 stones
 o - 7 poisoned darts
 p - 18 sling bullets
 y - a javelin (quivered)
 I - 14 arrows
Armour
 b - a +0 scale mail
 r - a +2 helmet of intelligence (worn)
 w - a +0 chain mail
 D - a +0 troll leather armour (worn)
 G - a +0 kite shield of protection (worn)
 H - a +0 pair of gloves (worn)
Jewellery
 g - a ring of ice
 j - a ring of protection from fire (left hand)
 B - a ring of wizardry (right hand)
Wands
 F - a wand of flame (4)
Scrolls
 i - 3 scrolls of identify {unknown}
 q - 2 scrolls of amnesia {unknown}
Potions
 l - a potion of ambrosia {unknown}
 t - a potion of mutation {unknown}
 u - a potion of magic {unknown}
 v - a potion of lignification {unknown}
 A - a potion of haste {unknown}
 E - a potion of degeneration {unknown}


   Skills:
 * Level 6.0 Fighting
 + Level 5.2 Axes
 + Level 1.8 Throwing
 + Level 5.2 Armour
 + Level 1.3 Dodging
 + Level 1.2 Stealth
 * Level 4.1 Shields


You had 7 spell levels left.
You didn't know any spells.
Your spell library contained the following spells:

 Spells                   Type           Power      Damage    Failure   Level
 Blink                    Tloc           0%         N/A       52%         2
 Ensorcelled Hibernation  Hex/Ice        0%         N/A       52%         2
 Static Discharge         Conj/Air       0%         N/A       52%         2
 Ignite Poison            Fire/Tmut/Pois 0%         N/A       75%         3
 Lesser Beckoning         Tloc           0%         N/A       75%         3
 Mephitic Cloud           Conj/Pois/Air  0%         N/A       75%         3
 Spider Form              Tmut/Pois      0%         N/A       75%         3
 Anguish                  Hex/Necr       0%         N/A       98%         4
 Freezing Cloud           Conj/Ice/Air   0%         6-21      100%        5
 Lightning Bolt           Conj/Air       0%         1d11      100%        5
 Manifold Assault         Tloc           0%         N/A       100%        5
 Conjure Ball Lightning   Conj/Air       0%         3x3d6     100%        6
 Discord                  Hex            0%         N/A       100%        8
 Disjunction              Tloc           0%         N/A       100%        8
 Maxwell's Capacitive Co  Air            0%         ∞         100%        8


Dungeon Overview and Level Annotations

Branches:
Dungeon (5/15)             Temple (0/1) D:5

Altars:
Okawaru


Innate Abilities, Weirdness & Mutations

You are immune to sickness and miasma.
Your stone body is resilient. (AC +5)
You are immune to poison.
You resist negative energy. (rN+)
You are resistant to electric shocks. (rElec)
You are resistant to unholy torment.
You are immune to petrification.


Message History

The tentacled starspawn bites you!
* * * LOW HITPOINT WARNING * * *
You block the tentacled starspawn's attack.
You block the starspawn tentacle's attack.
Magic scrolls do not work when you're silenced!
What are your orders?
Orders for allies: a - Attack new target. p - Attack previous target. r - Retreat! s - Stop attacking. g - Guard the area. f - Follow me.
Anything else - Cancel.
Okay, then.
Unknown command.
Unknown command.
Press: ? - help, v - describe, . - travel
Here: a tentacled starspawn (silenced, moderately damaged, unaffected by silence)
The floor.
Press: ? - help, v - describe, . - travel
Here: a tentacled starspawn (silenced, moderately damaged, unaffected by silence)
The floor.
Throw: 3 javelins
Press: ? - help, Q - select action, (/) - cycle Shift-Dir - straight line, f/p - tentacled starspawn
Aim: a tentacled starspawn (silenced, moderately damaged, unaffected by silence, 78% to hit)
You throw a javelin.
The javelin pierces through the tentacled starspawn!
The tentacled starspawn is heavily damaged.
The tentacled starspawn barely misses you.
You block the tentacled starspawn's attack.
The starspawn tentacle barely misses you.
The tentacled starspawn bites you but does no damage.
The tentacled starspawn tentacle-slaps you but does no damage.
Throw: 2 javelins
Press: ? - help, Q - select action, (/) - cycle Shift-Dir - straight line, f/p - tentacled starspawn
Aim: a tentacled starspawn (silenced, heavily damaged, unaffected by silence, 78% to hit)
You throw a javelin.
The javelin pierces through the tentacled starspawn!
The tentacled starspawn is heavily damaged.
The starspawn tentacle grabs you. The starspawn tentacle constricts you.
The tentacled starspawn closely misses you.
The tentacled starspawn tentacle-slaps you!
You die...

#####.###..#
#..##..##
##.##...###
#.##.....#
#.##...#.#
######.##.###.#
.........###########
######...#8.$.8#wXo#
#.###.....#@#.# #.#
#..>..#.#.# #.#
#.....###.#
#)###.⌠.⌠.# #X#
#.#.#.....# #.#
#.Λ.#.⌠.⌠.# #.#
#.#│#.....# #.#
#o#│#.$>..# #.#
#.#│#.....# #.#


You could see a tentacled starspawn (unsilenced), a starspawn tentacle and an
orc priest.

Vanquished Creatures
  A large abomination (Abyss:2)
  A smoke demon (Abyss:2)
  A troll (D:5)
  Sigmund (D:3)
  A necrophage (D:5)
  2 ogres
  2 scorpions
  A bullfrog zombie (D:5)
  Robin (D:2)
  7 adders
  A white imp (D:5)
  An adder skeleton (D:4)
  2 worms
  A dart slug (D:2)
  3 orcs
  6 bats
  5 endoplasms
  7 giant cockroaches
  24 goblins
  5 hobgoblins
  2 jackals (D:4)
  6 kobolds
  3 quokkas
  4 ball pythons
  A frilled lizard (D:2)
  4 rats
93 creatures vanquished.

Vanquished Creatures (others)
  4 plants (D:1)
  9 starspawn tentacles
13 creatures vanquished.

Grand Total: 106 creatures vanquished

Notes
Turn   | Place    | Note
-------+----------+-------------------------------------------
     0 | D:1      | unlimited1921 the Gargoyle Fighter began the quest for the
                  | Orb.
     0 | D:1      | Reached XP level 1. HP: 14/14 MP: 1/1
   127 | D:1      | Reached XP level 2. HP: 19/19 MP: 2/2
   695 | D:1      | Reached XP level 3. HP: 21/23 MP: 3/3
  1834 | D:2      | Noticed Robin
  1847 | D:2      | Killed Robin
  1848 | D:2      | Reached XP level 4. HP: 22/29 MP: 4/4
  2105 | D:2      | Found a faded altar of an unknown god.
  2365 | D:3      | Noticed Sigmund
  2408 | D:3      | Killed Sigmund
  2409 | D:3      | Reached skill level 4 in Fighting
  2409 | D:3      | Reached XP level 5. HP: 20/34 MP: 5/5
  2409 | D:3      | Reached XP level 6. HP: 23/39 MP: 6/6
  3090 | D:3      | Found an iron altar of Okawaru.
  3819 | D:3      | Reached skill level 5 in Fighting
  3819 | D:3      | Reached skill level 1 in Dodging
  4168 | D:3      | Reached XP level 7. HP: 44/44 MP: 7/7
  4450 | D:4      | Reached skill level 1 in Throwing
  4450 | D:4      | Reached skill level 1 in Stealth
  4787 | D:5      | Entered Level 5 of the Dungeon
  4913 | D:5      | Noticed a troll
  4923 | D:5      | Killed a troll
  4924 | D:5      | Reached skill level 5 in Axes
  4924 | D:5      | Reached skill level 5 in Armour
  5128 | D:5      | Reached XP level 8. HP: 51/51 MP: 8/8
  5150 | D:5      | Reached skill level 6 in Fighting
  5337 | D:5      | Found the +6 shillelagh "Devastator" {shatter}
  5457 | D:5      | Cast into level 2 of the Abyss (orc priest)
  5477 | Abyss:2  | Noticed a smoke demon
  5492 | Abyss:2  | Killed a smoke demon
  5519 | Abyss:2  | Noticed a large abomination
  5523 | Abyss:2  | Noticed a tentacled starspawn
  5537 | Abyss:2  | HP: 2/51 [large abomination (15)]
  5538 | Abyss:2  | Killed a large abomination
  5544 | D:5      | Escaped the Abyss
  5548 | D:5      | Found a staircase to the Ecumenical Temple.
  5591 | D:5      | Mangled by a tentacled starspawn

Illustrated notes

Levels and vault maps discovered:
D:1:      dpeg_arrival_prison, layout_loops_ring, serial_forest,
          infiniplex_forest_straight_5, infiniplex_forest_lined_2,
          infiniplex_forest_clump_tiny, infiniplex_forest_lined_1,
          infiniplex_forest_clump_tiny, infiniplex_forest_clump_small,
          infiniplex_forest_straight_1, minmay_misc_feat_pillars,
          minmay_pentomino_u4
D:2:      layout_loops_corners, shapermc_ecumenical_altar_pompeii,
          nicolae_figureground_sparkle, uniq_robin
D:3:      layout_basic, okawaru_altar_gauntlet_db, uniq_sigmund
D:4:      layout_cave_pools, skrybe_limestone_x
D:5:      layout_loops_ring, nicolae_wu_jian_glorious_leap,
          minmay_temple_entry_from_below_b, uniq_crazy_yiuf_cottage

Skill      XL: |  1  2  3  4  5  6  7  8 |
---------------+-------------------------+-----
Axes           | 2 3 4 5 |  5.2
Armour         | 4 5 |  5.2
Fighting       | 4 5 6 |  6.0
Dodging        | 1 |  1.3
Throwing       | 1 |  1.8
Stealth        | 1 |  1.2
Shields        | 4 |  4.1

Action                   |  1- 3 |  4- 6 |  7- 9 || total
-------------------------+-------+-------+-------++-------
Melee: War axe           |    92 |   107 |    45 ||   244
       Shillelagh        |       |       |    16 ||    16
Throw: Dart              |       |    13 |    11 ||    24
       Javelin           |       |       |     2 ||     2
Evoke: Wand              |       |       |     2 ||     2
  Use: Potion            |     1 |     4 |     6 ||    11
       Scroll            |       |       |     5 ||     5
Armor: Scale mail        |    73 |   106 |    14 ||   193
       Troll leather arm |       |       |    26 ||    26
Dodge: Dodged            |    49 |    71 |    33 ||   153
Block: Buckler           |    14 |    39 |     7 ||    60
       Kite shield       |       |       |    24 ||    24
